 Dungeon Crawl Stone Soup version 0.31-a0-222-gefeffbb62a (webtiles) character file.

Game seed: 5128704103679583188

25 innerfire43 the Trooper (level 2, -2/24 HPs)
             Began as a Demonspawn Monk on July 5, 2023.
             Slain by a gnoll
             ... wielding a +0 spear
              (4 damage)
             ... on level 1 of the Dungeon.
             The game lasted 00:00:25 (450 turns).

innerfire43 the Trooper (Demonspawn Monk)            Turns: 450, Time: 00:00:25

Health: -2/24      AC:  2    Str: 10 (11) XL:     2   Next: 82%
Magic:  2/2        EV: 13    Int:  9 (11) God:
Gold:   15         SH:  0    Dex: 14 (15) Spells: 1/1 levels left

rFire   . . .        a - +0 hand axe
rCold   . . .        d - orb {light}
rNeg    . . .        b - +0 robe
rPois   .            (no helmet)
rElec   .            (no cloak)
rCorr   .            (no gloves)
SInv    .            (no boots)
Will    .....        (no amulet)
Stlth   +            (no ring)
HPRegen 0.24/turn    (no ring)
MPRegen 0.08/turn

%: no passive effects
@: glowing
A: claws 1
a: no special abilities


You were on level 1 of the Dungeon.
You visited 1 branch of the dungeon, and saw 1 of its levels.

You collected 15 gold pieces.

Inventory:

Hand Weapons
 a - a +0 hand axe (weapon)
Armour
 b - a +0 robe (worn)
 d - an orb of light (worn)
Scrolls
 e - a scroll of fear {unknown}
 g - a scroll of amnesia {unknown}
 h - a scroll of brand weapon {unknown}
 i - a scroll of poison {unknown}
 j - a scroll of enchant weapon {unknown}
Potions
 c - 2 potions of ambrosia
 f - a potion of degeneration


   Skills:
 + Level 3.2 Fighting
 * Level 3.2 Axes
 + Level 3.0 Dodging


You had one spell level left.
You didn't know any spells.
Your spell library contained the following spells:

 Spells                   Type           Power      Damage    Failure   Level
 Summon Ice Beast         Ice/Summ       0%         N/A       99%         4
 Summon Mana Viper        Hex/Summ       0%         N/A       100%        5
 Monstrous Menagerie      Summ           0%         N/A       100%        7


Dungeon Overview and Level Annotations

Branches:
Dungeon (1/15)

Altars:


Innate Abilities, Weirdness & Mutations

You have sharp fingernails.


Message History

A gnoll comes into view. It is wielding a +0 spear.
There are monsters nearby!
A ball python comes into view.
The gnoll shouts!
The ball python hisses angrily.
There are monsters nearby!
The goblin hits you with a +0 club.
There are monsters nearby!
You hit the goblin.
The goblin is moderately wounded.
The goblin hits you with a +0 club.
You closely miss the goblin.
The goblin is moderately wounded.
The gnoll hits you but does no damage. The goblin barely misses you.
There are monsters nearby!
Unknown command.
You hit the goblin.
The goblin is heavily wounded.
The gnoll closely misses you. The goblin completely misses you.
The goblin hits you with a +0 club.
A goblin comes into view. It is wielding a +0 club.
The gnoll hits you from afar with a +0 spear.
There are monsters nearby!
The goblin shouts!
You hit the goblin.
You kill the goblin!
The gnoll hits you from afar with a +0 spear.
Unknown command.
There are monsters nearby!
You are too injured to fight recklessly!
There are monsters nearby!
Unknown command.
You are too injured to fight recklessly!
It was a potion of degeneration.
There was something very wrong with that liquid.
You feel weakened.
You feel dopey.
You feel clumsy.
The gnoll hits you from afar with a +0 spear!
* * * LOW HITPOINT WARNING * * *
Unknown command.
The gnoll hits you with a +0 spear.
You die...

#.############## #.#.# #°~~
○~÷~~~~ #.#.# #~○~~~~~~~~~
#.#.# #~~~#~~~~#~~ #g#.# #
~~~~~~~~~~ #.#.# ~~~~~~~~~#
#S#.##############
#g#......... #. #@#.........
#.# #.##.####### #.# #.##.###
#.# ##......## #
#.###.(.###..###### #
#.#.#....##.##))#...#####
#.#.#.#.#.##.#..............#
..........##.##....###...>..#
.#.#.#.####..#..)...##......


You could see a gnoll, a goblin and a ball python.

Vanquished Creatures
  2 ball pythons (D:1)
  A bat (D:1)
  4 endoplasms (D:1)
  A giant cockroach (D:1)
  4 goblins (D:1)
  4 jackals (D:1)
  2 kobolds (D:1)
  A rat (D:1)
19 creatures vanquished.

Notes
Turn   | Place    | Note
-------+----------+-------------------------------------------
     0 | D:1      | innerfire43 the Demonspawn Monk began the quest for the
                  | Orb.
     0 | D:1      | Reached XP level 1. HP: 18/18 MP: 1/1
   197 | D:1      | Gained mutation: You have sharp fingernails. [demonic
                  | ancestry]
   197 | D:1      | Reached XP level 2. HP: 21/24 MP: 2/2
   450 | D:1      | Slain by a gnoll

Illustrated notes

Levels and vault maps discovered:
D:1:      saegor_arrival_miasma, layout_basic,
          hellmonk_ecumenical_altar_defaced_shrine, minmay_three_crescents

Skill      XL: |  1  2 |
---------------+-------+-----
Axes           | 3 |  3.2
Dodging        | 3 |  3.0
Fighting       | |  3.2

Action                     || total
---------------------------++-------
  Melee: Hand axe          ||    44
    Use: Potion            ||     1
 Armour: Robe              ||     8
  Dodge: Dodged            ||    50

Table legend: (Time is in decaauts)
 A = Elapsed time spent in this place.
 B = Non-inter-level travel time spent in this place.
 C = Inter-level travel time spent in this place.
 D = Time resting spent in this place.
 E = Time spent auto-exploring this place.
 F = Levels seen in this place.
 G = Mean time per level.
                   A        B        C        D        E       F      G
               +--------+--------+--------+--------+--------+-----+--------+
         Total |    457 |    457 |      0 |      0 |    363 |   1 |  457.0 |
       Dungeon |    457 |    457 |      0 |      0 |    363 |   1 |  457.0 |
               +--------+--------+--------+--------+--------+-----+--------+

Top non-repeatable levels by time:
     D:1: 457 daAuts
